 Dungeon Crawl Stone Soup version 0.23-a0-49-gd9f7a49668 (webtiles) character file.

1459 GordonOverkill the Purveyor of Pain (level 8, -6/61 HPs)
             Began as a Mummy Necromancer on Aug 6, 2018.
             Was an Initiate of Kikubaaqudgha.
             Mangled by a warg (12 damage)
             ... on level 6 of the Dungeon.
             The game lasted 00:17:40 (7244 turns).

GordonOverkill the Purveyor of Pain (MuNe)          Turns: 7244, Time: 00:17:41

Health: -6/61      AC:  5    Str: 11    XL:     8   Next: 48%
Magic:  3/17       EV: 12    Int: 17    God:    Kikubaaqudgha [......]
Gold:   172        SH:  0    Dex: 12    Spells: 10/19 levels left

rFire    x . .     SeeInvis .   b - +2 morningstar (crush)
rCold    + . .     Gourm    .   (no shield)
rNeg     + + +     Faith    .   h - +0 leather armour
rPois    ∞         Spirit   .   (no helmet)
rElec    .         Reflect  .   k - +0 cloak
rCorr    .         Harm     .   r - +0 pair of gloves of the Engineer {Regen+} (curse)
MR       +....                  (no boots)
Stlth    ++........             (no amulet)
HPRegen  0.60/turn              l - ring of flight
MPRegen  0.15/turn              (no ring)

@: no status effects
A: no food or potions, fire vulnerability, cold resistance 1, negative energy
resistance 3, torment resistance, unbreathing
a: Renounce Religion, Evoke Flight


You were on level 6 of the Dungeon.
You worshipped Kikubaaqudgha.
Kikubaaqudgha was noncommittal.
You were not hungry.

You visited 2 branches of the dungeon, and saw 8 of its levels.

You collected 343 gold pieces.
You spent 171 gold pieces at shops.

Inventory:

Hand Weapons
 a - a +0 trident
 b - a +2 morningstar of crushing (weapon)
 o - a +2 flail of crushing
Missiles
 j - 116 stones (quivered)
Armour
 d - a +2 pair of gloves
 e - a +0 ring mail
 h - a +0 leather armour (worn)
 k - a +0 cloak (worn)
 r - the cursed +0 pair of gloves of the Engineer (worn) {Regen+}
   (You bought it in a shop on level 5 of the Dungeon)

   It increases your rate of regeneration.
   It has a curse placed upon it.
Jewellery
 l - a ring of flight (left hand)
 n - an uncursed ring of ice
Wands
 c - a wand of enslavement (17)
 m - a wand of digging (18)
Scrolls
 f - 2 scrolls of fog
 g - 3 scrolls of identify
 i - 4 scrolls of teleportation
 q - 2 scrolls of blinking
 s - a scroll of amnesia {unknown}
 t - a scroll of enchant weapon {unknown}


   Skills:
 + Level 4.7 Fighting
 - Level 2.0 Dodging
 - Level 2.0 Stealth
 + Level 6.4 Spellcasting
 * Level 8.1 Necromancy
 - Level 2.0 Evocations


You had 10 spell levels left.
You knew the following spells:

 Your Spells              Type           Power        Failure   Level  Hunger
a - Pain                  Necr           ####         1%          1    N/A
b - Animate Skeleton      Necr           N/A          1%          1    N/A
c - Vampiric Draining     Necr           ####......   1%          3    N/A
d - Animate Dead          Necr           N/A          5%          4    N/A

Your spell library contained the following spells:

 Spells                   Type           Power        Failure   Level  Hunger
 Confuse                  Hex            #.......     43%         3    N/A
 Regeneration             Chrm/Necr      ###.......   9%          3    N/A
 Confusing Touch          Hex            #.....       16%         1    N/A
 Metabolic Englaciation   Hex/Ice        #.........   99%         5    N/A
 Petrify                  Tmut/Erth      #.......     85%         4    N/A
 Gell's Gravitas          Tloc           #.........   43%         3    N/A
 Yara's Violent Unravell  Hex/Tmut       #.........   99%         5    N/A

Dungeon Overview and Level Annotations

Branches:
Dungeon (7/15)             Temple (1/1) D:4

Altars:
Cheibriados
Dithmenos
Elyvilon
Fedhas
Gozag
Hepliaklqana
Kikubaaqudgha
Makhleb
Nemelex Xobeh
Okawaru
Qazlal
Ru
Trog
Uskayaw
Vehumet
Wu Jian
Xom
Yredelemnul
Zin
The Shining One

Shops:
D:5 %[


Innate Abilities, Weirdness & Mutations

You do not eat or drink.
Your flesh is vulnerable to fire.
You are immune to poison.
Your flesh is cold resistant. (rC+)
You are immune to negative energy. (rN+++)
You are immune to unholy pain and torment.
You can survive without breathing.


Message History

You assume a fearsome visage.
The warg resists with almost no effort.
The worker ant looks frightened!
The warg looks frightened!
The warg barely misses you.
Casting: Vampiric Draining (safe; 1% risk of failure)
Confirm with . or Enter, or press ? or * to list all spells.
Aiming: Vampiric Draining (safe; 1% risk of failure)
Press: ? - help, Shift-Dir - straight line, f - warg
Aim: a warg The warg is moderately wounded.
You feel life coursing into your body. The warg bites you!
* * * LOW HITPOINT WARNING * * *
Casting: Vampiric Draining (safe; 1% risk of failure)
Confirm with . or Enter, or press ? or * to list all spells.
Aiming: Vampiric Draining (safe; 1% risk of failure)
Press: ? - help, Shift-Dir - straight line, f/p - warg
Aim: a warg (moderately wounded)
The warg is heavily wounded.
You feel life coursing into your body. The warg misses you. The warg bites you!
You die...
Kikubaaqudgha rasps: "You have failed me!
Welcome... oblivion!"

#............ #............
##########'#.!. #..........####
#.########## # #.###### #
#....Z.# # #########.# #####
#@h.......####...#
#.###[#......#.#.#
#...).............
#.###.#..#######.# ###a#
#.##.#....##.. #..h#
#.#....#...#..
############.#####.#....#......
#................#.#.#.#.......
#.............##Z#.#.#.%.####..


You could see 2 wargs and a worker ant (fleeing).

Vanquished Creatures
  Grinder (D:3)
  Eustachio (D:4)
  A hungry ghost (D:5)
  Duvessa (D:4)
  A phantom (D:5)
  A centaur (D:7)
  A bullfrog (D:6)
  Dowan (D:4)
  3 scorpions
  A crimson imp (D:3)
  A hound (D:6)
  An orc priest (D:3)
  Crazy Yiuf (D:3)
  A jelly (D:5)
  A bullfrog skeleton (D:5)
  2 worker ants (D:6)
  4 gnolls (D:4)
  4 adders
  A shadow imp (D:6)
  5 oozes
  2 dart slugs (D:1)
  6 leopard geckos
  11 orcs
  5 bats
  4 giant cockroaches
  4 goblins
  5 hobgoblins
  3 jackals (D:3)
  A quokka (D:4)
  9 frilled lizards
  5 kobolds
  5 rats
93 creatures vanquished.

Vanquished Creatures (collateral kills)
  A centaur (D:5)
  2 howler monkeys
  An iguana (D:5)
  A hound skeleton (D:6)
  An adder (D:6)
  A rat (D:3)
7 creatures vanquished.

Grand Total: 100 creatures vanquished

Notes
Turn   | Place    | Note
-------+----------+-------------------------------------------
     0 | D:1      | GordonOverkill the Mummy Necromancer began the quest for the Orb.
     0 | D:1      | Reached XP level 1. HP: 13/13 MP: 4/4
   274 | D:1      | Reached XP level 2. HP: 20/20 MP: 1/5
   806 | D:1      | Reached XP level 3. HP: 25/25 MP: 7/7
   809 | D:1      | Learned a level 1 spell: Animate Skeleton
   813 | D:1      | Learned a level 3 spell: Vampiric Draining
   866 | D:1      | Reached skill level 1 in Fighting
  1497 | D:2      | Found an iron altar of Okawaru.
  2150 | D:2      | Reached XP level 4. HP: 26/32 MP: 3/8
  2440 | D:3      | Learned a level 4 spell: Animate Dead
  2457 | D:3      | Found a basalt altar of Yredelemnul.
  2530 | D:3      | Reached skill level 5 in Necromancy
  2552 | D:3      | Reached XP level 5. HP: 38/38 MP: 10/10
  2930 | D:3      | Found a runed door.
  3009 | D:3      | Noticed Grinder
  3027 | D:3      | Killed Grinder
  3027 | D:3      | Reached XP level 6. HP: 29/46 MP: 10/12
  3432 | D:3      | Found a glowing silver altar of Zin.
  3642 | D:3      | Noticed Crazy Yiuf
  3651 | D:3      | Killed Crazy Yiuf
  3799 | D:4      | Found a burning altar of Makhleb.
  3848 | D:4      | Noticed Eustachio
  3867 | D:4      | Killed Eustachio
  3867 | D:4      | Reached skill level 6 in Necromancy
  3867 | D:4      | Reached skill level 1 in Evocations
  4041 | D:4      | Reached XP level 7. HP: 49/52 MP: 6/14
  4127 | D:4      | Found a blossoming altar of Fedhas.
  4145 | D:4      | Found a staircase to the Ecumenical Temple.
  4158 | Temple   | Entered the Ecumenical Temple
  4302 | Temple   | Became a worshipper of Kikubaaqudgha
  4451 | D:4      | Found a bloodstained altar of Trog.
  4476 | D:4      | Noticed Dowan
  4478 | D:4      | Noticed Duvessa
  4498 | D:4      | Killed Duvessa
  4498 | D:4      | Reached skill level 5 in Spellcasting
  4511 | D:4      | Killed Dowan
  4748 | D:4      | Found a glowing golden altar of the Shining One.
  5054 | D:4      | Found a sacrificial altar of Ru.
  5628 | D:5      | Entered Level 5 of the Dungeon
  5662 | D:5      | Found a sacrificial altar of Ru.
  5664 | D:5      | Found Fuakebew's Food Boutique.
  5814 | D:5      | Reached skill level 7 in Necromancy
  6012 | D:5      | Found a shadowy altar of Dithmenos.
  6108 | D:5      | Reached XP level 8. HP: 56/60 MP: 16/16
  6187 | D:5      | Found Weda's Antique Armour Emporium.
  6197 | D:5      | Bought a pair of heavily runed gloves for 171 gold pieces
  6207 | D:5      | Identified the cursed +0 pair of gloves of the Engineer {Regen+} (You bought it in a shop on level 5 of the Dungeon)
  6888 | D:6      | Got a smoking helmet
  6889 | D:6      | Identified the cursed -2 helmet of Ututefuo {Str+2 Stlth+} (You found it on level 6 of the Dungeon)
  6931 | D:6      | Reached skill level 8 in Necromancy
  7243 | D:6      | HP: 1/61 [warg (12)]
  7244 | D:6      | Mangled by a warg

Vault maps used:
D:1:      erik_arrival_gehennom
D:2:      okawaru_gym_becter
D:3:      lemuel_round_altar, marbit_many_paths, minmay_misc_feat_x,
          uniq_grinder, uniq_crazy_yiuf_cottage
D:4:      nicolae_ru_path_of_blood, overflow_temple_1_default, bloody_trog,
          lemuel_round_altar, overflow_temple_1_default,
          minmay_temple_entry_poolview, uniq_duvessa, uniq_eustachio
D:5:      nicolae_overflow_crystal_walls, first_ration, serial_shops, shop,
          shop_fountains, basic_altar
D:7:      lemuel_castle_with_subvaults
Temple:   minmay_temple_curvy_loop

Skill      XL: |  1  2  3  4  5  6  7  8 |
---------------+-------------------------+-----
Spellcasting   | 3 4 5 6 |  6.4
Fighting       | 1 2 3 4 |  4.7
Stealth        | 2 |  2.0
Dodging        | 2 |  2.0
Necromancy     | 5 6 7 8 |  8.1
Evocations     | 1 2 |  2.0

Action                   |  1- 3 |  4- 6 |  7- 9 || total
-------------------------+-------+-------+-------++-------
Melee: Dagger            |    24 |    29 |       ||    53
       Spear             |       |    42 |       ||    42
       Flail             |       |     2 |    13 ||    15
       Morningstar       |       |       |    70 ||    70
       Trident           |       |       |     7 ||     7
Throw: Stone             |    33 |    12 |     8 ||    53
 Cast: Pain              |    65 |    53 |    27 ||   145
       Animate Skeleton  |     5 |     8 |    10 ||    23
       Vampiric Draining |       |     4 |    13 ||    17
       Animate Dead      |       |     2 |     4 ||     6
 Abil: Evoke Flight      |       |       |     1 ||     1
  Use: Scroll            |     4 |     2 |     6 ||    12
 Stab: Sleeping          |     2 |     1 |     2 ||     5
       Distracted        |       |     1 |     1 ||     2
Armor: Robe              |     5 |       |       ||     5
       Leather armour    |     2 |    26 |    32 ||    60
Dodge: Dodged            |    32 |    60 |    81 ||   173

Table legend:
 A = Spawn XP
 B = Non-spawn XP
 C = Spawn XP percentage of total XP
 D = Spawn monster count
 E = Non-spawn monster count
 F = Spawn count percentage of total count
 G = Total turns spent on level
                    A         B        C        D         E        F      G
               +---------+---------+-------+---------+---------+-------+---------
         Total |       0 |    2085 |   0.0 |       0 |     100 |   0.0 |  7244
               +---------+---------+-------+---------+---------+-------+---------
           D:1 |       0 |      53 |   0.0 |       0 |      19 |   0.0 |  1557
           D:2 |       0 |      48 |   0.0 |       0 |      12 |   0.0 |   761
           D:3 |       0 |     390 |   0.0 |       0 |      31 |   0.0 |  1851
           D:4 |       0 |     631 |   0.0 |       0 |      15 |   0.0 |  1228
           D:5 |       0 |     517 |   0.0 |       0 |      10 |   0.0 |  1038
           D:6 |       0 |     338 |   0.0 |       0 |      12 |   0.0 |   565
           D:7 |       0 |     108 |   0.0 |       0 |       1 |   0.0 |    13
               +---------+---------+-------+---------+---------+-------+---------
